 Dungeon Crawl Stone Soup version 0.30-a0-879-ga8ba668304 (webtiles) character file.

Game seed: 17120737852727042130

7213 Newt the Skirmisher (level 11, -5/63 HPs)
             Began as a Kobold Hunter on Mar 13, 2023.
             Slain by a slime creature (8 damage)
             ... on level 10 of the Dungeon.
             The game lasted 00:08:44 (8888 turns).

Newt the Skirmisher (Kobold Hunter)                 Turns: 8888, Time: 00:08:45

Health: -5/63      AC: 12    Str: 10    XL:     11   Next: 33%
Magic:  16/16      EV: 16    Int: 10    God:
Gold:   555        SH:  0    Dex: 22    Spells: 14/17 levels left

rFire   . . .      SeeInvis .    a - +2 shortbow (drain)
rCold   . . .      Faith    .    (shield currently unavailable)
rNeg    + . .      Spirit   .    v - +0 swamp dragon scales
rPois   +          Reflect  .    C - +0 helmet
rElec   .          Rampage  .    (no cloak)
rCorr   .                        (no gloves)
Will    .....                    B - +0 pair of boots
Stlth   +++                      (no amulet)
HPRegen 0.30/turn                m - ring of positive energy
MPRegen 0.15/turn                t - +4 ring of slaying

@: lethally poisoned (-5 -> -6), about to teleport
A: small, no large weapons, nightstalker 3
a: no special abilities


You were on level 10 of the Dungeon.
You visited 2 branches of the dungeon, and saw 11 of its levels.

You collected 605 gold pieces.
You spent 50 gold pieces at shops.

Inventory:

Hand Weapons
 a - a +2 shortbow of draining (weapon)
Missiles
 A - 2 throwing nets
Armour
 c - a +1 leather armour
 v - +0 swamp dragon scales (worn)
 B - a +0 pair of boots (worn)
 C - a +0 helmet (worn)
 F - +0 acid dragon scales
Jewellery
 m - a ring of positive energy (left hand)
 t - a +4 ring of slaying (right hand)
 E - a ring of flight
Wands
 j - a wand of polymorph (18)
 p - a wand of mindburst (11)
 x - a wand of quicksilver (14)
 D - a wand of iceblast (9)
Scrolls
 b - 2 scrolls of immolation
 d - a scroll of magic mapping
 n - 2 scrolls of identify
 o - 2 scrolls of amnesia
 q - a scroll of silence
 s - 3 scrolls of teleportation
 u - 3 scrolls of blinking
 y - a scroll of fog
Potions
 e - 2 potions of resistance
 f - 2 potions of might
 g - 3 potions of curing
 h - 2 potions of flight
 i - 3 potions of degeneration
 k - 2 potions of attraction
 l - a potion of lignification
 r - a potion of heal wounds
 w - a potion of cancellation
 z - a potion of brilliance
 G - a potion of ambrosia
 H - a potion of haste


   Skills:
 - Level 5.0 Fighting
 - Level 14.0 Ranged Weapons
 - Level 8.0 Armour
 - Level 6.0 Dodging
 - Level 1.3 Stealth
 + Level 3.8 Spellcasting
 + Level 3.8 Ice Magic
 - Level 5.0 Evocations


You had 14 spell levels left.
You knew the following spells:

 Your Spells              Type           Power      Damage    Failure   Level
a - Frozen Ramparts       Ice            18%        1d3       34%         3

Your spell library contained the following spells:

 Spells                   Type           Power      Damage    Failure   Level
 Freeze                   Ice            36%        1d5       12%         1
 Beastly Appendage        Tmut           2%         N/A       50%         1
 Kiss of Death            Conj/Necr      4%         2d5       50%         1
 Necrotise                Necr           4%         1d4       50%         1
 Hailstorm                Conj/Ice       5%         3d4       61%         3
 Wereblood                Tmut           1%         N/A       65%         2
 Confusing Touch          Hex            1%         N/A       86%         3
 Spider Form              Tmut/Pois      1%         N/A       86%         3
 Vampiric Draining        Necr           1%         2d6       86%         3
 Dispel Undead            Necr           1%         3d6       99%         4
 Agony                    Necr           1%         N/A       100%        5


Dungeon Overview and Level Annotations

Branches:
Dungeon (10/15)            Temple (1/1) D:4
   Lair: D:8-11         Orc: D:9-12

Altars:
Ashenzari
Cheibriados
Dithmenos
Elyvilon
Fedhas
Gozag
Kikubaaqudgha
Nemelex Xobeh
Okawaru
Qazlal
Ru
Sif Muna
Trog
Uskayaw
Vehumet
Wu Jian
Xom
Yredelemnul
Zin
The Shining One

Shops:
D:6 !   D:8 (


Innate Abilities, Weirdness & Mutations

You are small and have problems with some larger weapons.
You are completely attuned to the shadows.


Message History

The killer bee misses you. The slime creature hits you.
The slime creature completely misses you.
You shoot an arrow. The arrow hits the slime creature.
The slime creature is severely wounded.
You feel sick. The killer bee misses you. x2
The slime creature hits you but does no damage.
The killer bee closely misses you. The killer bee misses you.
The slime creature hits you but does no damage. x2
Unknown command.
You shoot an arrow.
The arrow barely misses the slime creature.
You feel sick. The killer bee completely misses you.
The killer bee stings you but does no damage.
The slime creature misses you.
The killer bee stings you but does no damage.
The killer bee closely misses you.
The slime creature barely misses you. x2
You shoot an arrow. The arrow hits the slime creature!
You drain the slime creature.
You kill the slime creature!
You feel sick.
The killer bee stings you but does no damage.
The killer bee barely misses you. The slime creature hits you.
The killer bee closely misses you.
The killer bee stings you but does no damage.
The slime creature hits you!
* * * LOW HITPOINT WARNING * * *
You feel much better.
You feel sick.
The killer bee stings you but does no damage.
The killer bee closely misses you. The slime creature hits you.
The killer bee misses you. The slime creature hits you!
* * * LOW HITPOINT WARNING * * *
The killer bee barely misses you.
Unknown command.
As you read the scroll of teleportation, it crumbles to dust.
You feel strangely unstable.
You feel sick. The killer bee stings you!
* * * LOW HITPOINT WARNING * * *
The killer bee stings you.
* * * LOW HITPOINT WARNING * * *
The slime creature hits you!
You die...

.#########
..........
..........
.>..JyJ...
.####@###
#y..#
##.## ###


You could see 2 slime creatures and 2 killer bees.

Vanquished Creatures
  A two-headed ogre (D:8)
  Pikel (D:8)
  Psyche (D:9)
  Maggie (D:6)
  A slime creature (D:10)
  A shadow (D:9)
  Eustachio (D:6)
  A wyvern (D:8)
  6 yaks (D:6)
  An acid dragon (D:8)
  2 water moccasins
  2 ice beasts
  A black bear (D:6)
  3 orc warriors
  3 sky beasts
  2 ogres (D:5)
  The ghost of iguanaiguana the Chiller, an amateur AtIE of Ashenzari (D:5)
  A centaur (D:7)
  A phantom (D:6)
  A kobold brigand (D:8)
  A lemure (D:7)
  4 bullfrogs
  Blork the orc (D:6)
  8 scorpions
  5 wights (D:9)
  9 killer bees
  A vampire bat (D:5)
  5 howler monkeys
  4 hounds
  A gnoll bouda (D:6)
  7 orc priests
  An iron imp (D:6)
  3 iguanas
  4 orc wizards
  4 adders
  4 gnolls (D:5)
  2 shadow imps
  4 white imps
  An ufetubus (D:4)
  2 worms
  2 dart slugs (D:1)
  3 fire bats (D:5)
  22 orcs
  2 spectral bats (D:5)
  3 bat skeletons (D:5)
  A bat zombie (D:5)
  5 endoplasms
  4 giant cockroaches
  9 goblins
  8 hobgoblins
  3 jackals (D:1)
  A quokka (D:5)
  5 ball pythons
  14 bats
  A bat simulacrum (D:5)
  2 frilled lizards
  10 kobolds
  4 rats
202 creatures vanquished.

Vanquished Creatures (others)
  A plant (D:8)
1 creature vanquished.

Grand Total: 203 creatures vanquished

Notes
Turn   | Place    | Note
-------+----------+-------------------------------------------
     0 | D:1      | Newt the Kobold Hunter began the quest for the Orb.
     0 | D:1      | Reached XP level 1. HP: 12/12 MP: 1/1
    99 | D:1      | Reached XP level 2. HP: 18/18 MP: 2/2
   215 | D:1      | Reached XP level 3. HP: 21/23 MP: 3/3
   696 | D:2      | Found a broken altar of Ashenzari.
   764 | D:2      | Found a faded altar of an unknown god.
  1258 | D:2      | Reached XP level 4. HP: 30/30 MP: 4/4
  2170 | D:3      | Found a glowing golden altar of the Shining One.
  2900 | D:4      | Noticed a scorpion
  2905 | D:4      | Killed a scorpion
  2906 | D:4      | Reached skill level 5 in Fighting
  2906 | D:4      | Reached skill level 6 in Ranged Weapons
  2906 | D:4      | Reached XP level 5. HP: 21/35 MP: 5/5
  2995 | D:4      | Found a staircase to the Ecumenical Temple.
  3015 | D:4      | Reached skill level 7 in Ranged Weapons
  3015 | D:4      | Reached XP level 6. HP: 33/40 MP: 6/6
  3019 | Temple   | Entered the Ecumenical Temple
  3201 | D:4      | Identified the +1 dagger "Kobold's Curse" {freeze, Will-
                  | rCorr Dex+5 SInv}
  3361 | D:4      | Reached skill level 8 in Ranged Weapons
  3722 | D:5      | Entered Level 5 of the Dungeon
  3780 | D:5      | Noticed a water moccasin
  3784 | D:5      | Reached XP level 7. HP: 34/44 MP: 7/7
  3788 | D:5      | Killed a water moccasin
  3789 | D:5      | Reached skill level 9 in Ranged Weapons
  4074 | D:5      | Reached skill level 10 in Ranged Weapons
  4099 | D:5      | Found a runed translucent door.
  4099 | D:5      | Noticed iguanaiguana's ghost (amateur AtIE)
  4307 | D:5      | Reached XP level 8. HP: 49/49 MP: 8/8
  4316 | D:5      | Reached skill level 5 in Dodging
  4621 | D:5      | Reached skill level 1 in Evocations
  4945 | D:5      | Killed iguanaiguana's ghost
  5140 | D:6      | Noticed Maggie
  5157 | D:6      | Killed Maggie
  5158 | D:6      | Reached skill level 5 in Evocations
  5158 | D:6      | Reached XP level 9. HP: 36/54 MP: 9/9
  5355 | D:6      | Found a snail-covered altar of Cheibriados.
  5359 | D:6      | Reached skill level 11 in Ranged Weapons
  5380 | D:6      | Found an iron altar of Okawaru.
  5478 | D:6      | Reached skill level 12 in Ranged Weapons
  5483 | D:6      | Reached skill level 13 in Ranged Weapons
  5735 | D:6      | Noticed Blork the orc
  5738 | D:6      | Killed Blork the orc
  5739 | D:6      | Reached skill level 14 in Ranged Weapons
  5764 | D:6      | Found Wuwirur's Distillery.
  5775 | D:6      | Bought a potion of heal wounds for 50 gold pieces
  5819 | D:6      | Reached skill level 1 in Armour
  5868 | D:6      | Noticed Eustachio
  5878 | D:6      | Killed Eustachio
  5879 | D:6      | Reached XP level 10. HP: 33/59 MP: 10/10
  6108 | D:6      | Found a blossoming altar of Fedhas.
  6753 | D:7      | Reached skill level 5 in Armour
  7881 | D:8      | Noticed Pikel
  8005 | D:8      | Killed Pikel
  8111 | D:8      | Found a basalt altar of Yredelemnul.
  8113 | D:8      | Noticed a two-headed ogre
  8120 | D:8      | Killed a two-headed ogre
  8121 | D:8      | Reached XP level 11. HP: 63/63 MP: 11/11
  8199 | D:8      | Reached skill level 1 in Spellcasting
  8199 | D:8      | Reached skill level 1 in Ice Magic
  8446 | D:8      | Found Doolur's Hydra Hut.
  8447 | D:8      | Noticed a five-headed hydra
  8548 | D:9      | Learned a level 3 spell: Frozen Ramparts
  8616 | D:9      | Noticed Psyche
  8620 | D:9      | Killed Psyche
  8628 | D:10     | Entered Level 10 of the Dungeon
  8888 | D:10     | HP: 3/63 [killer bee (2)]
  8888 | D:10     | Slain by a slime creature

Illustrated notes

Levels and vault maps discovered:
D:1:      sevenhm_arrival_forest_fort_large_3, layout_rooms, corner_web_ring
D:2:      layout_basic, basic_ecumenical_altar, basic_altar
D:3:      layout_basic, general_overflow_altar
D:4:      layout_basic, minmay_temple_entry_grid
D:5:      layout_cave_pools, gammafunk_ghost_grave, columned_hall_lemuel,
          goddamned_bats
D:6:      minmay_diamond_boxcup, layout_gridville,
          mainiacjoe_overflow_boulevard, slow_altar_1, kennysheep_little_box,
          serial_shops, shop_coins, uniq_maggie, uniq_blork_the_orc,
          uniq_eustachio
D:7:      layout_basic
D:8:      layout_cave_pools, mainiacjoe_overflow_catwalk,
          doesnt_shop_hydraphobe, uniq_pikel
D:9:      cheibrodos_helix_gallery, layout_cave_pools, uniq_psyche
D:10:     layout_cross, mainiacjoe_overflow_brackets,
          chequers_temple_overflow_statue_of_worship, hellmonk_lair_entry_icy
Temple:   nicolae_temple_ecumenical_triangle

Skill      XL: |  1  2  3  4  5  6  7  8  9 10 11 |
---------------+----------------------------------+-----
Fighting       | 3 4 5 |  5.0
Ranged Weapons | 6 7 8 10 14 | 14.0
Dodging        | 4 6 |  6.0
Evocations     | 5 |  5.0
Armour         | 2 7 8 |  8.0
Spellcasting   | 3 |  3.8
Ice Magic      | 3 |  3.8
Stealth        | |  1.3

Action                     |  1- 3 |  4- 6 |  7- 9 | 10-12 || total
---------------------------+-------+-------+-------+-------++-------
   Fire: Shortbow          |    78 |    78 |   183 |   229 ||   568
    Use: Scroll            |     8 |     8 |     4 |     4 ||    24
         Potion            |       |     3 |       |     2 ||     5
 Armour: Leather armour    |    11 |     1 |    17 |    15 ||    44
         Swamp dragon scal |       |       |       |    30 ||    30
  Dodge: Dodged            |    31 |    22 |   107 |   161 ||   321

Table legend: (Time is in decaauts)
 A = Elapsed time spent in this place.
 B = Non-inter-level travel time spent in this place.
 C = Inter-level travel time spent in this place.
 D = Time resting spent in this place.
 E = Time spent auto-exploring this place.
 F = Levels seen in this place.
 G = Mean time per level.
                   A        B        C        D        E       F      G
               +--------+--------+--------+--------+--------+-----+--------+
         Total |   8895 |   8617 |    278 |   1755 |   5880 |  11 |  808.6 |
       Dungeon |   8821 |   8553 |    268 |   1755 |   5826 |  10 |  882.1 |
        Temple |     74 |     65 |      9 |      0 |     54 |   1 |   74.0 |
               +--------+--------+--------+--------+--------+-----+--------+

Top non-repeatable levels by time:
     D:5: 1410 daAuts
     D:6: 1342 daAuts
     D:7: 1204 daAuts
     D:2: 1157 daAuts
     D:4: 953 daAuts
     D:3: 869 daAuts
     D:8: 833 daAuts
     D:1: 703 daAuts
    D:10: 257 daAuts
     D:9: 89 daAuts
  Temple: 74 daAuts
